 Dungeon Crawl Stone Soup version 0.20-a0-513-g02c11fc (webtiles) character file.

167 haldagan the Sneak (level 5, -7/54 HPs)
             Began as an Ogre Assassin on Jan 23, 2017.
             Mangled by Grinder (11 damage)
             ... on level 3 of the Dungeon.
             The game lasted 00:03:54 (2475 turns).

haldagan the Sneak (Ogre Assassin)                  Turns: 2475, Time: 00:03:55

Health: -7/54      AC:  4    Str: 20    XL:     5   Next: 48%
Magic:  5/5        EV: 15    Int: 17    God:
Gold:   134        SH:  0    Dex: 16    Spells: 4/4 levels left

rFire    . . .     SeeInvis .   a - +2 dagger
rCold    . . .     Gourm    .   c - +0 robe
rNeg     . . .     Faith    .   (no shield)
rPois    .         Spirit   .   (helmet restricted)
rElec    .         Reflect  .   d - +0 cloak
rCorr    .         Harm     .   (gloves unavailable)
MR       .....                  (boots unavailable)
Stlth    ++++......             (no amulet)
Regen    0.2/turn               (no ring)
                                (no ring)

@: mighty, brilliant, agile, very slightly contaminated, hasted, very quick
A: unfitting armour, tough skin 1
a: no special abilities


You were on level 3 of the Dungeon.
You were hungry.

You visited 1 branch of the dungeon, and saw 3 of its levels.

You collected 134 gold pieces.

Inventory:

Hand Weapons
 a - a +2 dagger (weapon)
 b - a +0 blowgun
Armour
 c - a +0 robe (worn)
 d - a +0 cloak (worn)
Jewellery
 i - a +4 ring of strength {unknown}
 t - an uncursed ring of wizardry {unknown}
Scrolls
 j - 2 scrolls of amnesia {unknown}
 k - a scroll of remove curse {unknown}
 l - 3 scrolls of identify {unknown}
 n - 4 scrolls of teleportation {unknown}
 o - a scroll of magic mapping {unknown}
 s - a scroll of recharging {unknown}
Potions
 h - 3 potions of curing
Comestibles
 g - 3 bread rations
 m - a meat ration


   Skills:
 + Level 3.8 Fighting
 * Level 2.6 Short Blades
 - Level 2.0 Throwing
 + Level 1.8 Dodging
 * Level 3.8 Stealth


You had 4 spell levels left.
You didn't know any spells.

Dungeon Overview and Level Annotations

Branches:
Dungeon (3/15)

Altars:

Annotations:
D:3 Grinder


Innate Abilities, Weirdness & Mutations

You are too large for most types of armour.
You have tough skin. (AC +1)


Message History

* * * LOW HITPOINT WARNING * * *
You writhe in agony.
* * * LOW HITPOINT WARNING * * *
You hit Grinder.
Grinder is heavily wounded.
Grinder misses you.
You closely miss Grinder.
Grinder is heavily wounded.
You closely miss Grinder.
Grinder is heavily wounded.
Grinder hits you.
* * * LOW HITPOINT WARNING * * *
You writhe in agony.
* * * LOW HITPOINT WARNING * * *
You puncture Grinder!
Grinder is severely wounded.
You hit Grinder.
Grinder is almost dead.
Grinder hits you!
You die...

#.# #.#
#.# #.#
#.# #.#
#.# #<#
#@# #5#
#(# #(#
(.. (..
..(..
%..(.
...(...


You could see Grinder.

Vanquished Creatures
  Natasha (thrice) (D:2)
  Terence (D:2)
  An adder (D:2)
  2 gnolls (D:1)
  A worm (D:2)
  2 dart slugs (D:1)
  2 leopard geckos (D:2)
  3 bats (D:1)
  2 giant cockroaches (D:2)
  A goblin (D:2)
  3 hobgoblins
  4 jackals (D:2)
  5 kobolds
  A ball python (D:2)
  4 frilled lizards
  3 rats
38 creatures vanquished.

Notes
Turn   | Place    | Note
-------+----------+-------------------------------------------
     0 | D:1      | haldagan the Ogre Assassin began the quest for the Orb.
     0 | D:1      | Reached XP level 1. HP: 22/22 MP: 1/1
   104 | D:1      | Reached skill level 1 in Dodging
   104 | D:1      | Reached XP level 2. HP: 29/29 MP: 2/2
   607 | D:1      | Reached XP level 3. HP: 36/36 MP: 3/3
   955 | D:2      | Noticed Natasha
   956 | D:2      | Killed Natasha
   956 | D:2      | Reached XP level 4. HP: 45/45 MP: 4/4
  1063 | D:2      | Noticed Natasha
  1097 | D:2      | HP: 1/45 [Natasha (3)]
  1098 | D:2      | Killed Natasha
  1664 | D:2      | Noticed Natasha
  1680 | D:2      | Killed Natasha
  1680 | D:2      | Reached XP level 5. HP: 29/54 MP: 5/5
  1718 | D:2      | Noticed Terence
  1748 | D:2      | Killed Terence
  2433 | D:3      | Noticed Grinder
  2465 | D:3      | Paralysed by Grinder for 2 turns
  2475 | D:3      | Mangled by Grinder

Vault maps used:
D:1:      mrwooster_arrival_arrow, minmay_domino_4
D:2:      first_bread, serial_curves, eino_curves_03, eino_curves_04,
          uniq_natasha, uniq_terence
D:3:      st_stairs_6, uniq_grinder

Skill      XL: |  1  2  3 |
---------------+----------+-----
Stealth        | 3 |  3.8
Dodging        | 1 |  1.8
Fighting       | 3 |  3.8
Short Blades   | 2 |  2.6
Throwing       | |  2.0

Action                   |  1- 3 |  4- 6 || total
-------------------------+-------+-------++-------
Melee: Dagger            |    59 |   113 ||   172
 Fire: Blowgun           |       |    44 ||    44
  Use: Potion            |       |     5 ||     5
 Stab: Sleeping          |     3 |     3 ||     6
  Eat: Chunk             |       |     4 ||     4
Armor: Robe              |    26 |    27 ||    53
Dodge: Dodged            |    26 |    52 ||    78
